 Dungeon Sprint DCSS version 0.14-a0-340-g4dbb6ee (console) character file.

28637 Dalvant the Pyromancer (level 12, -27/67 HPs)
             Began as a Deep Elf Fire Elementalist on Oct 23, 2013.
             Was the Champion of Vehumet.
             Annihilated by Rupert
             ... wielding a +0,+1 great mace of crushing
              (40 damage)
             ... in the Dungeon (Sprint III: "The Ten Rune Challenge").
             The game lasted 00:35:35 (5205 turns).

Dalvant the Pyromancer (Deep Elf Fire Elementalist) Turns: 5205, Time: 00:35:35

HP -27/67        AC 10     Str  7      XL: 12   Next: 76%
MP  32/37        EV 13     Int 26      God: Vehumet [******]
Gold 4719        SH  0     Dex 15      Spells:  9 memorised, 19 levels left

Res.Fire  : + . .   See Invis. : .   x - staff of poison
Res.Cold  : + + .   Warding    : +   w - +1 robe "Icuxtuel" {+Rage rF+ rC+}
Life Prot.: + . .   Conserve   : .   (no shield)
Res.Poison: +       Res.Corr.  : .   (no helmet)
Res.Elec. : .       Clarity    : .   l - +0 cloak
Sust.Abil.: . .     Spirit.Shd : .   (no gloves)
Res.Mut.  : .       Prev.Telep.: +   (no boots)
Res.Rott. : .       Flight     : .   a - amulet of warding
Saprovore : . . .                    y - cursed ring of wizardry
                                     u - +6 ring of protection

@: confused, very slightly contaminated, hasted, delayed fireball, very quick,
somewhat resistant to hostile enchantments, unstealthy
A: cold resistance 1, fast metabolism 1, Str +2
a: Renounce Religion, Release Delayed Fireball, Evoke Berserk Rage


You were in the Dungeon.
You worshipped Vehumet.
Vehumet was exalted by your worship.
You were full.

You visited 1 branch You collected 4909 gold pieces.
You spent 210 gold pieces at shops.

Inventory:

Hand weapons
 j - the +4,+11 great sword of Generosity {slice, rC+ Int+3}
   (You found it in the Dungeon)

   It inflicts extra damage upon your enemies.
   It affects your intelligence (+3).
   It protects you from cold.
 q - the +3,+3 flail of Dissent {crush, +Inv MR++ SInv}
   (You took it off a deep elf demonologist in the Dungeon)

   It inflicts extra damage upon your enemies.
   It affects your resistance to hostile enchantments.
   It enhances your eyesight.
   It lets you turn invisible.
Missiles
 d - 19 stones (quivered)
Armour
 l - a +0 cloak (worn)
 w - the +1 robe "Icuxtuel" (worn) {+Rage rF+ rC+}
   (You found it in the Dungeon)

   It protects you from fire.
   It protects you from cold.
   It lets you go berserk.
Magical devices
 I - a wand of cold (6)
Comestibles
 b - 19 honeycombs
 c - 2 bread rations
 g - a pear
 t - 4 royal jellies
Scrolls
 m - a scroll of torment
 n - 4 scrolls of identify
 o - 3 scrolls of remove curse
 v - a scroll of amnesia
Jewellery
 a - an amulet of warding (around neck)
 u - a +6 ring of protection (left hand)
 y - a cursed ring of wizardry (right hand)
 z - the ring "Laargh Nimuph" {SustAb Str-4 Dex+1}
   (You found it in the Dungeon)

   [ring of sustain abilities]

   It affects your strength (-4).
   It affects your dexterity (+1).
Potions
 k - a potion of resistance
 r - a potion of flight
Books
 F - the Tome of Harmful Flames
   (You found it in the Dungeon)

   Spells                             Type                      Level
   Throw Flame                        Conjuration/Fire             2
   Conjure Flame                      Conjuration/Fire             3
   Inner Flame                        Hexes/Fire                   3
   Ignite Poison                      Fire/Transmutation           5
   *Delayed Fireball                  Conjuration/Fire             7
 H - a book of Geomancy

   Spells                             Type                      Level
   Sandblast                          Earth                        1
   Stoneskin                          Transmutation/Earth          2
   Passwall                           Transmutation/Earth          3
   Stone Arrow                        Conjuration/Earth            3
   Petrify                            Transmutation/Earth          4
   Lee's Rapid Deconstruction         Earth                        5
Magical staves
 x - an uncursed staff of poison (weapon)
 A - an uncursed staff of wizardry
 C - an uncursed staff of energy
 G - an uncursed staff of fire


   Skills:
 - Level 7.0 Fighting
 - Level 2.4 Dodging
 * Level 6.2 Stealth
 + Level 19.2 Spellcasting
 * Level 19.2 Conjurations
 - Level 3.0 Charms
 - Level 2.0 Necromancy
 * Level 21.2 Fire Magic
 - Level 2.0 Air Magic


You had 19 spell levels left.
You knew the following spells:

 Your Spells              Type           Power        Failure   Level  Hunger
a - Flame Tongue          Conj/Fire      #####        0%          1    None
b - Fireball              Conj/Fire      #######...   0%          5    None
c - Sticky Flame          Conj/Fire      #######.     0%          4    None
d - Bolt of Magma         Conj/Fire/Erth #######...   1%          5    None
f - Repel Missiles        Chrm/Air       #####.....   1%          2    None
D - Delayed Fireball      Conj/Fire      N/A          1%          7    ####...
E - Iron Shot             Conj/Erth      ######....   1%          6    ##.....
H - Swiftness             Chrm/Air       #####.....   1%          2    None
I - Regeneration          Chrm/Necr      #####.....   1%          3    None


Dungeon Overview and Level Annotations

Branches:
Dungeon (1/1)

Altars:
Cheibriados
Elyvilon
Fedhas
Kikubaaqudgha
Makhleb
Nemelex Xobeh
Okawaru
Sif Muna
Trog
Vehumet
Xom
Yredelemnul
Zin
the Shining One
Lugonu

Shops:
D !

Annotations:
D Rupert


Innate Abilities, Weirdness & Mutations

Your flesh is cold resistant.
You have a fast metabolism.
Your muscles are strong. (Str +2)


Message History

You are more confused.
Rupert roars madly and goes into a rage!
Rupert goes berserk!
Drink which item? (? for menu, Esc to quit)
You feel yourself speed up.
You are very lightly contaminated with residual magic.
Rupert hits you with a glowing great mace!
Drink which item? (? for menu, Esc to quit)
You feel much better.
Rupert hits you with a glowing great mace!
Ouch! That really hurt!
* * * LOW HITPOINT WARNING * * *
You're too confused!
Drink which item? (? for menu, Esc to quit)
Okay, then.
Are you sure you want to stumble around while confused and next to deep water?
Okay, then.
Rupert hits you with a glowing great mace!
Ouch! That really hurt!
You die...

################### ##### #<.#..'....♣♣♣♣♣♣.############
#.#.#########################
#<.#..#....♣.♣♣♣♣.#___#__[#__###.##.##.)(.#...##[[..'....).#
##'####....♣.♣♣♣♣.#.!.#...#[_#.........##.#...##≈≈≈≈##..##.#
#.....#....≈.♣♣♣♣.###'#'###'##.[.))....##.#...≈≈≈[.(.....#.#
#.....#...≈≈.♣♣♣♣.#.......[..#.[[[[...###.#.(.##≈≈≈≈##..##[#
#....)#..≈≈≈≈♣♣♣♣.')⌠........#.#)∩##...##.'...##....'......#
#####'#..≈≈≈≈≈≈♣♣.#...######'#..#.###.######################
#)....#.≈[≈≈≈≈....#.⌠.#..#...#[###########################
#...%.#.≈≈≈≈≈.....#...#_.#...#[.§≈≈§§#.(...'.#.#.#.%%..≈≈#
#.....#.≈≈≈.......#'###__#...#)#§§§#§#.#...##.#%#.##%..≈≈###
#'#####...........#:[.#_.#...'.#§§§#.#.#)).#.#.#.#.#...≈≈≈≈#
#.................#___#..'..|#.#.§§#...#)..##%#.#.##...≈≈≈≈#
############################################.#.#.#.#...%%..#
♣......♣...≈≈≈........≈≈≈...##.#.#.##....%..#
♣..≈≈≈≈%..'.≈≈≈≈≈≈≈≈≈≈≈≈....'.#.#.#.#.......#
≈≈+...@.#.≈@@.....♣♣♣........##(#.#.##########
♣♣...♣♣#.%.....♣.....[..%.♣♣##'########
.♣♣♣♣###'...♣♣♣.♣.........#.).)%≈≈≈≈#
♣♣...##%.##≈≈≈≈≈≈..#.§#..)#.≈≈≈§#
♣§...##.##.#≈≈≈≈≈...#(§#...#.#≈≈≈#
+...§♣.##.##.##'≈≈≈≈§####§#####.#)≈§≈# ..♣.§§. #.
#...#≈≈.....§§§#.PPP.# #≈≈≈≈ # ♣..♣♣ #
##..#≈..+#######..P.P# )≈≈≈ PP.♣♣♣ ####...# #...PP# ##≈ P.
....# #....P# §§# ###### #'#####§§§# #.....+§§§+ #.#########
#.# #.# #.# #.# #.# #.# #.#


You could see Rupert (berserk).

Vanquished Creatures
  A deep elf master archer (D)
  Sigmund (D)
  Maud (D)
  2 deep elf demonologists (D)
  2 deep elf annihilators (D)
  Snorg (D)
  A deep elf death mage (D)
  A deep elf high priest (D)
  A yaktaur captain (D)
  A centaur warrior (D)
  3 deep elf knights (D)
  An unseen horror (D)
  A lindwurm (D)
  A deep elf conjurer (D)
  An orc sorcerer (D)
  2 spiny worms (D)
  2 spiny frogs (D)
  Edmund (D)
  A fire drake (D)
  A yaktaur (D)
  2 deep elf priests (D)
  5 blink frogs (D)
  3 wandering mushrooms (D)
  A komodo dragon (D)
  2 orc high priests (D)
  A stone golem (D)
  3 redbacks (D)
  A necrophage (D)
  A spatial vortex (D)
  A demigod (D)
  A swamp drake (D)
  5 orc warriors (D)
  2 centaurs (D)
  2 dragon simulacra (D)
  A water elemental (D)
  32 killer bees (D)
  An electric eel (D)
  3 orc priests (D)
  A jelly (D)
  Crazy Yiuf (D)
  A wizard (D)
  A necromancer (D)
  2 wolf simulacra (D)
  3 humans (D)
  Jessica (D)
  A kobold demonologist (D)
  2 oozes (D)
  11 orcs (D)
  A grey rat (D)
  A giant spore (D)
  2 ballistomycetes (D)
  2 plants (D)
123 creatures vanquished.

Vanquished Creatures (others)
  2 draconian scorchers (D)
  2 hydras (D)
  2 fire drakes (D)
  A yaktaur (D)
  3 plants (D)
10 creatures vanquished.

Grand Total: 133 creatures vanquished

Notes
Turn   | Place    | Note
--------------------------------------------------------------
     0 | D        | Dalvant, the Deep Elf Fire Elementalist, began the quest for the Orb.
     0 | D        | Reached XP level 1. HP: 10/10 MP: 4/4
    57 | D        | Reached skill level 1 in Fighting
    57 | D        | Reached skill level 4 in Fire Magic
    97 | D        | Killed a yaktaur
   222 | D        | Noticed Jessica
   239 | D        | Killed Jessica
   239 | D        | Reached skill level 5 in Fire Magic
   239 | D        | Reached XP level 2. HP: 11/15 MP: 1/7
   311 | D        | Killed a fire drake
   393 | D        | Reached XP level 3. HP: 7/19 MP: 7/10
   593 | D        | Noticed Crazy Yiuf
   599 | D        | Killed Crazy Yiuf
   599 | D        | Reached skill level 6 in Fire Magic
   599 | D        | Reached XP level 4. HP: 24/24 MP: 7/13
   608 | D        | Learned a level 4 spell: Sticky Flame
   624 | D        | Killed a white draconian scorcher
   666 | D        | Killed a white draconian scorcher
   668 | D        | Gained mutation: Your muscles are strong. (Str +2) [potion of mutation]
   668 | D        | Gained mutation: Your flesh is cold resistant. [potion of mutation]
   668 | D        | Gained mutation: You have a fast metabolism. [potion of mutation]
   671 | D        | Noticed a water elemental
   677 | D        | Killed a water elemental
   677 | D        | Reached skill level 7 in Fire Magic
   724 | D        | Killed a fire drake
   762 | D        | Found a white marble altar of Elyvilon.
   762 | D        | Found a glowing golden altar of the Shining One.
   762 | D        | Found a glowing silver altar of Zin.
   763 | D        | Noticed a deep elf priest
   769 | D        | Killed a deep elf priest
   769 | D        | Reached skill level 9 in Fire Magic
   769 | D        | Reached XP level 5. HP: 14/30 MP: 6/18
   769 | D        | Reached XP level 6. HP: 16/35 MP: 7/21
   776 | D        | Learned a level 5 spell: Fireball
   949 | D        | Found a radiant altar of Vehumet.
   949 | D        | Found a deep blue altar of Sif Muna.
   949 | D        | Found an ancient bone altar of Kikubaaqudgha.
   949 | D        | Noticed a wizard
   950 | D        | Killed a wizard
   950 | D        | Reached skill level 5 in Fighting
   950 | D        | Reached skill level 10 in Fire Magic
   968 | D        | Became a worshipper of Vehumet
   991 | D        | Found an iron altar of Okawaru.
   991 | D        | Found a bloodstained altar of Trog.
   991 | D        | Noticed a human
   991 | D        | Noticed a human
  1001 | D        | Killed a human
  1001 | D        | Reached skill level 11 in Fire Magic
  1001 | D        | Reached XP level 7. HP: 26/40 MP: 0/24
  1003 | D        | Killed a human
  1003 | D        | Reached skill level 12 in Fire Magic
  1003 | D        | Reached XP level 8. HP: 29/46 MP: 0/26
  1140 | D        | Found a snail-covered altar of Cheibriados.
  1140 | D        | Found a blossoming altar of Fedhas.
  1140 | D        | Found a basalt altar of Yredelemnul.
  1140 | D        | Noticed a necrophage
  1140 | D        | Noticed a necromancer
  1143 | D        | Killed a necromancer
  1143 | D        | Acquired Vehumet's first power
  1143 | D        | Offered knowledge of Shock by Vehumet.
  1147 | D        | Killed a necrophage
  1221 | D        | Noticed a jelly
  1222 | D        | Killed a jelly
  1227 | D        | Noticed a demigod
  1229 | D        | Killed a demigod
  1229 | D        | Reached skill level 10 in Conjurations
  1303 | D        | Noticed Snorg
  1314 | D        | Killed Snorg
  1314 | D        | Offered knowledge of Searing Ray by Vehumet.
  1314 | D        | Reached skill level 13 in Fire Magic
  1314 | D        | Reached XP level 9. HP: 33/51 MP: 2/29
  1445 | D        | Found a sparkling altar of Nemelex Xobeh.
  1445 | D        | Found a shimmering altar of Xom.
  1445 | D        | Found a corrupted altar of Lugonu.
  1445 | D        | Found a burning altar of Makhleb.
  1445 | D        | Noticed a spatial vortex
  1455 | D        | Killed a spatial vortex
  1561 | D        | Noticed a stone golem
  1568 | D        | Noticed an orc warrior
  1569 | D        | Noticed an orc warrior
  1569 | D        | Offered knowledge of Dazzling Spray by Vehumet.
  1570 | D        | Noticed an orc priest
  1570 | D        | Acquired Vehumet's second power
  1571 | D        | Noticed an orc warrior
  1571 | D        | Noticed an orc sorcerer
  1571 | D        | Killed an orc warrior
  1571 | D        | Killed an orc priest
  1572 | D        | Killed an orc warrior
  1572 | D        | Acquired Vehumet's third power
  1572 | D        | Killed an orc sorcerer
  1572 | D        | Reached skill level 14 in Fire Magic
  1573 | D        | Noticed an orc warrior
  1573 | D        | Killed an orc warrior
  1579 | D        | Killed an orc warrior
  1604 | D        | Noticed an orc warrior
  1623 | D        | Killed an orc warrior
  1713 | D        | Found Twierurph's Distillery.
  1829 | D        | Bought a potion of curing for 28 gold pieces
  1829 | D        | Bought a potion of heal wounds for 42 gold pieces
  1829 | D        | Bought a potion of resistance for 98 gold pieces
  1829 | D        | Bought a potion of poison for 14 gold pieces
  1829 | D        | Bought a potion of curing for 28 gold pieces
  1869 | D        | Noticed a deep elf knight
  1869 | D        | Noticed a deep elf knight
  1869 | D        | Noticed a deep elf knight
  1869 | D        | Noticed a deep elf priest
  1869 | D        | Noticed a deep elf conjurer
  1879 | D        | Killed a deep elf priest
  1879 | D        | Offered knowledge of Mephitic Cloud by Vehumet.
  2006 | D        | Killed a deep elf knight
  2006 | D        | Reached XP level 10. HP: 41/56 MP: 17/32
  2025 | D        | Killed a deep elf conjurer
  2052 | D        | Killed a deep elf knight
  2052 | D        | Offered knowledge of Force Lance by Vehumet.
  2052 | D        | Reached skill level 15 in Fire Magic
  2079 | D        | Killed a deep elf knight
  2175 | D        | Noticed a deep elf annihilator
  2180 | D        | Killed a deep elf demonologist
  2180 | D        | Offered knowledge of Bolt of Magma by Vehumet.
  2180 | D        | Reached skill level 15 in Conjurations
  2180 | D        | Reached skill level 16 in Fire Magic
  2187 | D        | Learned a level 5 spell: Bolt of Magma
  2192 | D        | Killed a deep elf annihilator
  2192 | D        | Reached skill level 15 in Spellcasting
  2196 | D        | Noticed a deep elf master archer
  2200 | D        | Noticed a deep elf high priest
  2205 | D        | Killed a deep elf high priest
  2205 | D        | Reached XP level 11. HP: 61/61 MP: 16/34
  2252 | D        | Noticed a deep elf demonologist
  2299 | D        | Noticed a deep elf death mage
  2306 | D        | Killed a deep elf master archer
  2306 | D        | Reached skill level 17 in Fire Magic
  2390 | D        | Killed a deep elf demonologist
  2390 | D        | Reached skill level 18 in Fire Magic
  2453 | D        | Noticed a deep elf annihilator
  2459 | D        | Killed a deep elf annihilator
  2492 | D        | Killed a deep elf death mage
  2546 | D        | Got a steaming flail
  2563 | D        | Got a steaming robe
  2565 | D        | Got a fine amber ring
  2573 | D        | Identified the Tome of Harmful Flames
  2578 | D        | Identified the Guide on Burning Battle Magic
  2578 | D        | Identified the Tome of Air
  2591 | D        | Identified the +1 robe "Icuxtuel" {+Rage rF+ rC+} (You found it in the Dungeon)
  2599 | D        | Identified the cursed +3,+3 flail of Dissent {crush, +Inv MR++ SInv} (You took it off a deep elf demonologist in the Dungeon)
  2599 | D        | Identified the cursed +3,+3 flail of Dissent {crush, +Inv MR++ SInv} (You took it off a deep elf demonologist in the Dungeon)
  2660 | D        | Learned a level 7 spell: Delayed Fireball
  2665 | D        | Learned a level 2 spell: Repel Missiles
  2668 | D        | Learned a level 2 spell: Swiftness
  2672 | D        | Learned a level 3 spell: Regeneration
  2700 | D        | Identified the ring "Laargh Nimuph" {SustAb Str-4 Dex+1} (You found it in the Dungeon)
  2993 | D        | Killed a stone golem
  3073 | D        | Noticed a centaur
  3073 | D        | Noticed a centaur warrior
  3073 | D        | Noticed a centaur
  3075 | D        | Killed a centaur
  3075 | D        | Offered knowledge of Poison Arrow by Vehumet.
  3075 | D        | Reached skill level 1 in Necromancy
  3075 | D        | Killed a centaur
  3075 | D        | Reached skill level 1 in Charms
  3075 | D        | Killed a centaur warrior
  3075 | D        | Reached skill level 1 in Air Magic
  3132 | D        | Noticed an unseen horror
  3142 | D        | Killed an unseen horror
  3142 | D        | Reached skill level 19 in Fire Magic
  3279 | D        | Noticed a wandering mushroom
  3291 | D        | Killed a wandering mushroom
  3305 | D        | Killed a six-headed hydra
  3386 | D        | Noticed Sigmund
  3386 | D        | Noticed Edmund
  3391 | D        | Killed Sigmund
  3391 | D        | Killed Edmund
  3391 | D        | Reached XP level 12. HP: 45/67 MP: 14/37
  3498 | D        | Noticed a yaktaur
  3498 | D        | Noticed a yaktaur captain
  3498 | D        | Noticed an orc priest
  3499 | D        | Killed a yaktaur
  3505 | D        | Noticed an orc high priest
  3506 | D        | Killed a yaktaur captain
  3508 | D        | Noticed an orc high priest
  3528 | D        | Noticed an orc priest
  3530 | D        | Killed an orc priest
  3531 | D        | Killed an orc priest
  3531 | D        | Offered knowledge of Lightning Bolt by Vehumet.
  3535 | D        | Killed an orc high priest
  3554 | D        | Killed an orc high priest
  3554 | D        | Reached skill level 20 in Fire Magic
  3764 | D        | Killed a six-headed hydra
  3812 | D        | Noticed a wandering mushroom
  3813 | D        | Killed a wandering mushroom
  3850 | D        | Killed a wolf simulacrum
  3850 | D        | Killed a dragon simulacrum
  3867 | D        | Noticed a dragon simulacrum
  3869 | D        | Killed a dragon simulacrum
  3870 | D        | Noticed a wolf simulacrum
  3871 | D        | Killed a wolf simulacrum
  3913 | D        | Noticed an electric eel
  3924 | D        | Got a slimy fire dragon armour
  3928 | D        | Got a bloodstained great sword
  3930 | D        | Identified the +4,+11 great sword of Generosity {slice, rC+ Int+3} (You found it in the Dungeon)
  3930 | D        | Identified the +4,+11 great sword of Generosity {slice, rC+ Int+3} (You found it in the Dungeon)
  3936 | D        | Noticed a wandering mushroom
  3940 | D        | Killed a wandering mushroom
  3970 | D        | Killed an electric eel
  3978 | D        | Noticed a killer bee
  3978 | D        | Noticed a killer bee
  3978 | D        | Noticed a killer bee
  3978 | D        | Noticed a killer bee
  3978 | D        | Noticed a killer bee
  3978 | D        | Noticed a killer bee
  3978 | D        | Noticed a killer bee
  3978 | D        | Noticed a killer bee
  3978 | D        | Noticed a killer bee
  3978 | D        | Noticed a killer bee
  3978 | D        | Noticed a killer bee
  3978 | D        | Noticed a killer bee
  3978 | D        | Noticed a queen bee
  3982 | D        | Killed a killer bee
  3982 | D        | Killed a killer bee
  3983 | D        | Killed a killer bee
  3983 | D        | Killed a killer bee
  3983 | D        | Offered knowledge of Fulminant Prism by Vehumet.
  3983 | D        | Killed a killer bee
  3984 | D        | Killed a killer bee
  3984 | D        | Killed a killer bee
  3984 | D        | Killed a killer bee
  3985 | D        | Killed a killer bee
  3985 | D        | Killed a killer bee
  3985 | D        | Killed a killer bee
  3986 | D        | Killed a killer bee
  3986 | D        | Killed a killer bee
  3987 | D        | Noticed a killer bee
  3991 | D        | Killed a killer bee
  3992 | D        | Killed a killer bee
  3995 | D        | Noticed a killer bee
  4070 | D        | Killed a killer bee
  4076 | D        | Killed a killer bee
  4077 | D        | Noticed a killer bee
  4080 | D        | Killed a killer bee
  4081 | D        | Noticed a killer bee
  4081 | D        | Killed a killer bee
  4083 | D        | Killed a killer bee
  4084 | D        | Noticed a killer bee
  4085 | D        | Noticed a killer bee
  4085 | D        | Killed a killer bee
  4086 | D        | Killed a killer bee
  4090 | D        | Noticed a killer bee
  4092 | D        | Killed a killer bee
  4202 | D        | Noticed a killer bee
  4205 | D        | Killed a killer bee
  4205 | D        | Offered knowledge of Conjure Ball Lightning by Vehumet.
  4205 | D        | Killed a killer bee
  4241 | D        | Noticed a killer bee
  4241 | D        | Noticed a killer bee
  4241 | D        | Noticed a killer bee
  4242 | D        | Noticed a killer bee
  4242 | D        | Noticed a killer bee
  4242 | D        | Killed a killer bee
  4242 | D        | Killed a killer bee
  4243 | D        | Noticed a killer bee
  4243 | D        | Killed a killer bee
  4243 | D        | Killed a killer bee
  4243 | D        | Killed a killer bee
  4244 | D        | Killed a killer bee
  4306 | D        | Noticed a killer bee
  4308 | D        | Killed a killer bee
  4406 | D        | Noticed Maud
  4408 | D        | Noticed a redback
  4412 | D        | Killed a redback
  4417 | D        | Killed Maud
  4606 | D        | Noticed a redback
  4606 | D        | Noticed a lindwurm
  4607 | D        | Noticed a redback
  4610 | D        | Killed a redback
  4610 | D        | Offered knowledge of Iron Shot by Vehumet.
  4612 | D        | Killed a lindwurm
  4692 | D        | Learned a level 6 spell: Iron Shot
  4699 | D        | Noticed a spiny worm
  4699 | D        | Killed a redback
  4704 | D        | Killed a spiny worm
  4708 | D        | Noticed a spiny worm
  4710 | D        | Killed a spiny worm
  4723 | D        | Noticed a spiny frog
  4723 | D        | Noticed a komodo dragon
  4725 | D        | Noticed a spiny frog
  4815 | D        | Killed a komodo dragon
  4816 | D        | Killed a spiny frog
  4820 | D        | Killed a spiny frog
  4820 | D        | Reached skill level 21 in Fire Magic
  4915 | D        | Noticed a swamp drake
  4915 | D        | Noticed a fire drake
  4919 | D        | Killed a swamp drake
  4920 | D        | Killed a fire drake
  5003 | D        | Noticed a blink frog
  5004 | D        | Killed a blink frog
  5005 | D        | Noticed a blink frog
  5006 | D        | Killed a blink frog
  5006 | D        | Offered knowledge of Bolt of Draining by Vehumet.
  5020 | D        | Noticed a blink frog
  5022 | D        | Killed a blink frog
  5031 | D        | Noticed a blink frog
  5031 | D        | Killed a blink frog
  5035 | D        | Noticed a blink frog
  5052 | D        | Killed a blink frog
  5191 | D        | Noticed Rupert
  5205 | D        | Annihilated by Rupert

Action                   |  1- 3 |  4- 6 |  7- 9 | 10-12 || total
-------------------------+-------+-------+-------+-------++-------
Melee: Unarmed           |    10 |       |       |       ||    10
       Long sword        |       |       |     1 |       ||     1
       Staff             |       |       |       |     2 ||     2
 Cast: Flame Tongue      |    22 |     8 |    17 |    17 ||    64
       Sticky Flame      |       |     4 |     6 |    25 ||    35
       Fireball          |       |     3 |    24 |   102 ||   129
       Bolt of Magma     |       |       |       |     9 ||     9
       Repel Missiles    |       |       |       |     3 ||     3
       Regeneration      |       |       |       |     4 ||     4
       Delayed Fireball  |       |       |       |     1 ||     1
       Swiftness         |       |       |       |     1 ||     1
Evoke: Wand              |       |       |       |     1 ||     1
  Use: Potion            |     2 |     3 |       |     7 ||    12
       Scroll            |       |       |     1 |     8 ||     9
 Stab: Sleeping          |       |       |     1 |       ||     1
